 Dungeon Crawl Stone Soup version 0.18.1-6-gd335043 (webtiles) character file.

459 inmateoo the Chopper (level 7, -3/61 HPs)
             Began as a Hill Orc Fighter on May 19, 2016.
             Was a Follower of Okawaru.
             Killed by nerve-wracking pain
             ... invoked by an orc priest
              (5 damage)
             ... on level 4 of the Dungeon.
             The game lasted 00:03:34 (2725 turns).

inmateoo the Chopper (Hill Orc Fighter)             Turns: 2725, Time: 00:03:35

Health: -3/61      AC: 16    Str: 26    XL:     7   Next: 6%
Magic:  7/7        EV:  5    Int:  8    God:    Okawaru [*.....]
Gold:   99         SH: 10    Dex: 10    Spells: 0 memorised, 6 levels left

rFire  . . .     SeeInvis .     a - +0 war axe
rCold  . . .     Gourm    .     p - +1 plate armour
rNeg   . . .     Faith    .     c - +0 shield
rPois  .         Spirit   .     n - +1 helmet
rElec  .         Dismiss  .     (no cloak)
rCorr  .         Reflect  .     l - +0 pair of gloves
SustAt .         Harm     .     (no boots)
MR     .....                    (no amulet)
Stlth  ..........               (no ring)
                                k - ring of loudness (curse)

@: mighty, slowed, very slow, not resistant to hostile enchantments, extremely
unstealthy
A: no striking features
a: Heroism, Renounce Religion, Convert to Beogh


You were on level 4 of the Dungeon.
You worshipped Okawaru.
Okawaru was aware of your devotion.
You were hungry.

You visited 1 branch of the dungeon, and saw 4 of its levels.

You collected 99 gold pieces.

Inventory:

Hand Weapons
 a - a +0 war axe (weapon)
 y - a +0 hand axe of electrocution
Armour
 c - a +0 shield (worn)
 l - a +0 pair of gloves (worn)
 n - a +1 helmet (worn)
 p - a +1 plate armour (worn)
 z - a +0 buckler of reflection
Jewellery
 k - a cursed ring of loudness (left hand)
Wands
 u - a wand of iceblast (8/15)
 v - a wand of flame (19/48)
Scrolls
 j - a scroll of enchant armour
 o - a scroll of identify
Potions
 b - a potion of berserk rage {unknown}
 d - a potion of might
 e - a potion of curing {unknown}
 h - a potion of haste {unknown}
 i - 2 potions of ambrosia {unknown}
 m - a potion of magic
 r - a potion of cancellation {unknown}
 s - a potion of mutation {unknown}
Comestibles
 f - 4 bread rations
 g - 5 fruits
 q - a royal jelly
 w - 3 chunks of flesh


   Skills:
 + Level 5.5 Fighting
 * Level 6.3 Axes
 + Level 4.6 Armour
 + Level 4.7 Shields


You had 6 spell levels left.
You didn't know any spells.

Dungeon Overview and Level Annotations

Branches:
Dungeon (4/15)
 Temple: D:4-7

Altars:
Elyvilon
Nemelex Xobeh
Okawaru
Sif Muna
Xom


Message History

You are too injured to fight recklessly!
Unknown command.
You are too injured to fight recklessly!
Unknown command.
Drink which item? (? for menu, Esc to quit)
You feel very mighty all of a sudden.
The orc wizard hits you but does no damage.
Something hits you but does no damage. You block the orc priest's attack.
The orc wizard mumbles some strange words.
The orc wizard blinks!
Something hits you but does no damage.
The orc priest invokes the aid of Beogh against you.
Beogh smites you!
* * * LOW HITPOINT WARNING * * *
Unknown command.
Your shield and plate armour prevent you from hitting the orc priest.
The orc priest is moderately wounded.
You closely miss something. Something hits you but does no damage.
The orc priest calls down the wrath of Beogh upon you.
Pain shoots through your body!
You die...

#.# #.#.#.# #.# ..#
#.#.#.###.# ####
#.#.#...... #.#.#####.###
# #.#.# ##...###.#
#...####........#
#########............####
..........§..###.....#####
#########@#.## ##.........
#{o.# ##.#.##### #o#.#
#.#†# #. #o#.# #.#.####.
#.#.# #.#.##... #.#
#.#...... #.. ..####...
>.# .# ###. #.


You could see an orc priest, an orc wizard and an orc.

Vanquished Creatures
  The ghost of IjonTichy1 the Sneak, an amateur OpAs (D:3)
  A scorpion (D:4)
  2 howler monkeys (D:4)
  A hound (D:4)
  A giant frog skeleton (D:4)
  Terence (D:2)
  A worker ant (D:4)
  A worker ant zombie (D:3)
  4 gnolls (D:3)
  2 adders
  An ooze (D:3)
  2 worms
  2 dart slugs
  2 giant geckos
  2 orcs
  A ball python (D:3)
  10 bats
  2 giant cockroaches
  6 goblins
  10 hobgoblins
  7 jackals
  2 giant newts (D:1)
  2 kobolds
  9 rats
73 creatures vanquished.

Vanquished Creatures (others)
  A quokka (D:2)
  5 toadstools (D:1)
6 creatures vanquished.

Grand Total: 79 creatures vanquished

Notes
Turn   | Place    | Note
--------------------------------------------------------------
     0 | D:1      | inmateoo the Hill Orc Fighter began the quest for the Orb.
     0 | D:1      | Reached XP level 1. HP: 19/19 MP: 1/1
    56 | D:1      | Reached skill level 3 in Axes
    70 | D:1      | Reached XP level 2. HP: 24/27 MP: 2/2
   369 | D:1      | Reached XP level 3. HP: 32/33 MP: 3/3
   936 | D:2      | Found a white marble altar of Elyvilon.
  1102 | D:2      | Found an iron altar of Okawaru.
  1131 | D:2      | Noticed Terence
  1148 | D:2      | Killed Terence
  1148 | D:2      | Reached skill level 4 in Axes
  1148 | D:2      | Reached XP level 4. HP: 38/40 MP: 4/4
  1267 | D:2      | Became a worshipper of Warmaster Okawaru
  1614 | D:2      | Found a deep blue altar of Sif Muna.
  1724 | D:3      | Found a sparkling altar of Nemelex Xobeh.
  1778 | D:3      | Noticed IjonTichy1's ghost (amateur OpAs)
  1985 | D:3      | Reached XP level 5. HP: 45/47 MP: 5/5
  2032 | D:3      | Killed IjonTichy1's ghost
  2032 | D:3      | Reached skill level 5 in Axes
  2129 | D:3      | Reached XP level 6. HP: 29/55 MP: 6/6
  2144 | D:3      | Reached skill level 5 in Fighting
  2221 | D:3      | Found a shimmering altar of Xom.
  2569 | D:4      | Reached * piety under Okawaru
  2571 | D:4      | Reached skill level 6 in Axes
  2586 | D:4      | Reached XP level 7. HP: 47/61 MP: 7/7
  2724 | D:4      | HP: 1/61 [orc priest/divine providence (14)]
  2725 | D:4      | Killed from afar by an orc priest

Skill      XL: |  1  2  3  4  5  6 |
---------------+-------------------+-----
Axes           | 3 4 5 6 |  6.3
Fighting       | 4 5 |  5.5
Armour         | 4 |  4.6
Shields        | 4 |  4.7

Action                   |  1- 3 |  4- 6 |  7- 9 || total
-------------------------+-------+-------+-------++-------
Melee: War axe           |    99 |   198 |    14 ||   311
  Use: Scroll            |     4 |       |     4 ||     8
       Potion            |       |       |     1 ||     1
  Eat: Chunk             |       |     5 |     1 ||     6
Armor: Scale mail        |    33 |       |       ||    33
       Plate armour      |     8 |   151 |    20 ||   179
Dodge: Dodged            |    42 |    25 |     5 ||    72
Block: Shield            |    44 |   121 |    11 ||   176
